 Dungeon Crawl Stone Soup version 0.30.1-3-gfc49f6343a (webtiles) character file.

Game seed: 8505392129294067865

6026 shmup the Arsonist (level 10, -15/60 HPs)
             Began as a Tengu Fire Elementalist on Aug 3, 2023.
             Was an Elder of Sif Muna.
             Collided with an iron grate (22 damage)
             ... caused by a rakshasa
             ... on level 10 of the Dungeon.
             The game lasted 00:44:27 (13883 turns).

shmup the Arsonist (Tengu Fire Elementalist)       Turns: 13883, Time: 00:44:28

Health: -15/60     AC:  6    Str:  9    XL:     10   Next: 86%
Magic:  2/14       EV: 22    Int: 20    God:    Sif Muna [****..]
Gold:   669        SH:  5    Dex: 14    Spells: 4/13 levels left

rFire   + + .        a - +9 staff of Olgreb {rPois∞}
rCold   + + +        (no shield)
rNeg    . . .        A - +1 robe
rPois   inf          (helmet restricted)
rElec   .            o - scarf {rC+ rF+}
rCorr   .            E - +2 pair of gloves
SInv    .            (boots unavailable)
Will    .....        R - amulet of reflection
Stlth   ++           J - ring of Tiug {rF+ rC+++ Will- EV+5}
HPRegen 0.30/turn    U - ring of wizardry
MPRegen 0.14/turn

%: reflection, wizardry (x1)
@: flying quickly and evasively, unable to read, quick
A: beak, talons 3, nimble flight, subdued magic 1, inability to read after
injury 1
a: Renounce Religion, Evoke the Staff of Olgreb, Channel Magic, Forget Spell,
Divine Exegesis


You were on level 10 of the Dungeon.
You worshipped Sif Muna.
Sif Muna was greatly pleased with you.
You visited 1 branch of the dungeon, and saw 10 of its levels.
You also visited: Ossuary.

You collected 669 gold pieces.

Inventory:

Hand Weapons
 a - the +9 staff of Olgreb (weapon) {rPois∞}
   (You acquired it on level 6 of the Dungeon)

   It enhances your poison magic.
   It grants immunity to poison.
   It can be activated via the 'a'bility menu to radiate toxic energy, with
   effectiveness depending on Evocations skill.
 b - the +1 mace "Angelliv" {freeze, Str+2}
   (You found it on level 10 of the Dungeon)

   Str:       It affects your strength (+2).
 f - a +0 whip
 m - a +0 dagger of freezing
 H - a +2 quarterstaff of chaos
 M - a +3 quarterstaff
 O - a +1 hand axe of electrocution
Missiles
 j - 50 stones
 n - 11 boomerangs
 F - 20 poisoned darts
Armour
 o - a scarf of resistance (worn)
 A - a +1 robe (worn)
 E - a +2 pair of gloves (worn)
 S - an orb of energy
Magical Staves
 P - a staff of air
Jewellery
 G - a ring of protection from fire
 J - the ring of Tiug (left hand) {rF+ rC+++ Will- EV+5}
   (You found it on level 4 of the Dungeon)

   [ring of evasion]

   EV:        It affects your evasion (+5).
   rF:        It protects you from fire.
   rC:        It renders you almost immune to cold.
   Will:      It decreases your willpower.
 R - an amulet of reflection (around neck)
 U - a ring of wizardry (right hand)
Wands
 I - a wand of polymorph (9)
 V - a wand of charming (6)
Scrolls
 d - a scroll of brand weapon
 e - a scroll of teleportation
 g - 4 scrolls of poison
 l - 3 scrolls of noise
 p - a scroll of amnesia
 q - 2 scrolls of enchant armour
 y - a scroll of magic mapping
 B - a scroll of blinking {unknown}
 C - a scroll of fear
 L - a scroll of immolation {unknown}
 N - a scroll of enchant weapon {unknown}
 W - a scroll of silence {unknown}
Potions
 c - 2 potions of attraction
 h - 2 potions of might
 i - 10 potions of curing
 k - 3 potions of cancellation
 r - 2 potions of heal wounds
 t - a potion of invisibility
 u - a potion of haste
 v - 2 potions of degeneration
 w - a potion of ambrosia {unknown}
 x - 7 potions of flight
 z - 2 potions of resistance
 D - 2 potions of mutation
 K - a potion of berserk rage {unknown}
 Q - a potion of magic
 T - 3 potions of lignification


   Skills:
 + Level 5.7 Fighting
 + Level 6.7 Dodging
 - Level 2.0 Stealth
 - Level 2.0 Spellcasting
 + Level 10.2 Conjurations
 - Level 2.0 Hexes
 * Level 12.3 Fire Magic


You had 4 spell levels left.
You knew the following spells:

 Your Spells              Type           Power      Damage    Failure   Level
a - Foxfire               Conj/Fire      100%       2x1d9     1%          1
b - Scorch                Fire           78%        2d8       1%          2
c - Inner Flame           Hex/Fire       23%        N/A       1%          3
d - Volatile Blastmotes   Fire/Tloc      40%        2d13      1%          3

Your spell library contained the following spells:

 Spells                   Type           Power      Damage    Failure   Level
 Dazzling Flash           Conj/Hex       40%        N/A       1%          3
 Flame Wave               Conj/Fire      36%        2d10      1%          4
 Iskenderun's Mystic Bla  Conj/Tloc      17%        2d5       6%          4
 Tukima's Dance           Hex            7%         N/A       7%          3
 Sublimation of Blood     Necr           1%         N/A       9%          2
 Passage of Golubria      Tloc           1%         N/A       45%         4
 Petrify                  Tmut/Erth      1%         N/A       45%         4
 Starburst                Conj/Fire      18%        6d7       9%          6
 Irradiate                Conj/Tmut      8%         3d14      19%         5
 Silence                  Hex/Air        2%         N/A       67%         5
 Yara's Violent Unravell  Hex/Tmut       2%         3d3       67%         5
 Agony                    Necr           1%         N/A       82%         5
 Enfeeble                 Hex            3%         N/A       100%        7


Dungeon Overview and Level Annotations

Branches:
Dungeon (10/15) Zot: 25826  Temple (0/1) D:5         Ossuary (visited)
   Lair: D:8-11         Orc: D:9-12

Altars:
Cheibriados
Dithmenos
Fedhas
Gozag
Hepliaklqana
Makhleb
Okawaru
Ru
Sif Muna
Trog
Uskayaw
Wu Jian
Xom
Yredelemnul
The Shining One

Shops:
D:1 =


Innate Abilities, Weirdness & Mutations

You have a beak for a mouth.
You have claws for feet.
Your magical nature lets you fly swiftly and evasively.
Your spells are a little easier to cast, but a little less powerful.
You occasionally lose the ability to read scrolls when taking damage.


Message History

An alarm trap.
Press: ? - help, v - describe, . - travel A permanent teleport trap.
Unknown command.
Okay, then.
You reach down and close the door.
A rakshasa breaks down the door.
Press: ? - help, v - describe, . - travel
Here: a rakshasa, wielding a +0 trident and wearing a +0 robe The floor.
Okay, then.
Casting: Scorch (safe; 1% risk of failure)
Confirm with . or Enter, or press ? or * to list all spells.
Flames lash the rakshasa.
The rakshasa is lightly wounded.
The rakshasa's fire resistance burns away.
You block the rakshasa's attack.
Unknown command.
Casting: Scorch (safe; 1% risk of failure)
Confirm with . or Enter, or press ? or * to list all spells.
Flames lash the rakshasa.
The rakshasa is burned terribly!
The rakshasa is moderately wounded.
The rakshasa misses you.
As you read the scroll of fear, it crumbles to dust.
You assume a fearsome visage.
The rakshasa resists with almost no effort.
The rakshasa hits you from afar with a +0 trident.
* * * LOW HITPOINT WARNING * * *
You can't see any enemies this would affect, really read the scroll of poison?
Okay, then.
As you read the scroll of fog, it crumbles to dust.
The scroll dissolves into smoke.
The rakshasa hits you from afar with a +0 trident!
* * * LOW HITPOINT WARNING * * *
The rakshasa gestures at you. The lance of force hits you!!
* * * LOW HITPOINT WARNING * * *
You are knocked back by the lance of force.
You slam into the iron grate!
You feel threatened and lose the ability to read scrolls!
You die...

▒▒.(▒▒.._..▒▒.▒
▒...▒.)...▒..▒
▒▒▒▒▒▒▒............▒
.....▒▒▒....▒▒▒.....
▒▒▒▒▒▒▒.........▒......
▒.▒.▒.▒............+... ..
..▒^^^^^▒.#.....▒▒..▒▒... .
▒▒▒#▒#▒#▒R#.)...+...▒▒...
▒.▒/+^.###Q##.....▒▒▒▒▒▒...
▒.▒▒▒#▒#▒#▒#.▒▒▒▒▒▒ ▒▒▒▒
▒...▒^^^^^▒.▒▒ ...▒.▒.▒.▒.▒
▒.▒▒▒▒▒▒▒.▒ ▒.........▒
........▒▒▒▒▒▒▒▒ ........▒
........▒


You could see a rakshasa (combustible).

Vanquished Creatures
  2 two-headed ogres (D:9)
  A kobold demonologist (D:9)
  Grinder (D:3)
  A slime creature (D:10)
  A wyvern (D:9)
  A wraith (Ossuary)
  Eustachio (D:6)
  A vampire (D:10)
  Duvessa (D:4)
  2 water moccasins (D:7)
  4 orc warriors
  2 black bears (D:8)
  2 centaurs
  2 phantoms (D:5)
  2 kobold brigands
  3 bullfrogs
  2 scorpions
  7 wights
  Dowan (D:4)
  11 killer bees
  4 howler monkeys
  A hound (D:5)
  4 orc priests
  Crazy Yiuf (D:3)
  A gnoll bouda (D:9)
  3 jellies
  4 iguanas
  A sleepcap (D:5)
  Natasha (thrice) (D:3)
  Terence (D:2)
  8 orc wizards
  2 mummies
  Robin (D:3)
  3 gnolls (D:9)
  6 adders
  A white imp (D:6)
  An ufetubus (D:6)
  A worm (D:3)
  7 dart slugs
  33 orcs
  A ball python (D:3)
  4 endoplasms
  A giant cockroach (D:2)
  7 hobgoblins
  3 jackals (D:5)
  10 kobolds
  2 quokkas
  A bat (D:3)
  4 frilled lizards
  4 gnoll skeletons (Ossuary)
  10 goblins
  8 kobold skeletons (Ossuary)
  2 kobold zombies (D:4)
  13 orc skeletons (Ossuary)
  3 rats
207 creatures vanquished.

Vanquished Creatures (others)
  393 foxfires
393 creatures vanquished.

Grand Total: 600 creatures vanquished

Notes
Turn   | Place    | Note
-------+----------+-------------------------------------------
     0 | D:1      | shmup the Tengu Fire Elementalist began the quest for the
                  | Orb.
     0 | D:1      | Reached XP level 1. HP: 10/10 MP: 4/4
    40 | D:1      | Found Ytaboud's Jewellery Shop.
   228 | D:1      | Reached XP level 2. HP: 15/15 MP: 0/6
   231 | D:1      | Learned a level 2 spell: Scorch
   336 | D:1      | You fall into a shaft and drop 1 floor!
   624 | D:2      | Reached skill level 4 in Fire Magic
  1073 | D:3      | Reached XP level 3. HP: 16/19 MP: 3/7
  1187 | D:3      | Noticed Natasha
  1192 | D:3      | Killed Natasha
  1279 | D:3      | Found a shimmering blue altar of Sif Muna.
  1303 | D:3      | Reached XP level 4. HP: 24/24 MP: 3/8
  1303 | D:3      | Became a worshipper of Sif Muna the Loreminder
  1362 | D:3      | Found a sacrificial altar of Ru.
  1472 | D:3      | Noticed Natasha
  1474 | D:3      | Killed Natasha
  1475 | D:3      | Reached skill level 5 in Fire Magic
  1495 | D:3      | Noticed Natasha
  1505 | D:3      | Killed Natasha
  1506 | D:3      | Gained mutation: Your magical nature lets you fly swiftly
                  | and evasively. [Tengu growth]
  1506 | D:3      | Reached XP level 5. HP: 18/28 MP: 0/9
  1508 | D:3      | Noticed Terence
  1666 | D:1      | Found a faded altar of an unknown god.
  2495 | D:3      | Noticed Robin
  2510 | D:3      | Killed Robin
  2610 | D:3      | Found a hide-covered altar of Uskayaw.
  2737 | D:3      | Found a shimmering altar of Xom.
  2776 | D:3      | Noticed Grinder
  2810 | D:4      | Reached * piety under Sif Muna
  2840 | D:4      | Reached skill level 6 in Fire Magic
  3020 | D:4      | Reached XP level 6. HP: 32/32 MP: 3/10
  3131 | D:4      | Found a sand-covered staircase.
  3135 | Ossuary  | Entered an ossuary
  3135 | Ossuary  | Noticed a wraith
  3135 | Ossuary  | Noticed a wraith
  3135 | Ossuary  | Noticed a wraith
  3669 | Ossuary  | Reached ** piety under Sif Muna
  3803 | Ossuary  | Noticed a wraith
  3842 | Ossuary  | Killed a wraith
  3843 | Ossuary  | Reached skill level 5 in Conjurations
  3843 | Ossuary  | Reached skill level 7 in Fire Magic
  3843 | Ossuary  | Reached XP level 7. HP: 9/36 MP: 3/11
  4244 | D:4      | Noticed Duvessa
  4244 | D:4      | Noticed Dowan
  4297 | D:4      | Killed Duvessa
  4450 | D:3      | Paralysed by Grinder for 2 turns
  4455 | D:3      | Killed Grinder
  4456 | D:3      | Reached skill level 8 in Fire Magic
  4682 | D:3      | Found a runed translucent door.
  4683 | D:3      | Noticed Crazy Yiuf
  4876 | D:2      | Killed Terence
  5003 | D:3      | Killed Crazy Yiuf
  5004 | D:3      | Reached XP level 8. HP: 29/41 MP: 7/12
  5258 | D:4      | Found a burning altar of Makhleb.
  5383 | D:4      | Killed Dowan
  5596 | D:4      | Identified the ring of Tiug {rF+ rC+++ Will- EV+5}
  5776 | D:5      | Entered Level 5 of the Dungeon
  5794 | D:5      | Found a bloodstained altar of Trog.
  6280 | D:5      | Found an ornate altar of the Wu Jian Council.
  6362 | D:5      | Learned a level 3 spell: Inner Flame
  6465 | D:5      | Reached skill level 1 in Fighting
  7011 | D:5      | Reached skill level 1 in Hexes
  7124 | D:5      | Found a staircase to the Ecumenical Temple.
  7230 | D:5      | Found a shadowy altar of Dithmenos.
  7234 | D:5      | Reached skill level 9 in Fire Magic
  7272 | D:5      | Learned a level 3 spell: Volatile Blastmotes
  7732 | D:6      | Noticed Eustachio
  7737 | D:6      | Killed Eustachio
  8003 | D:6      | Reached XP level 9. HP: 49/49 MP: 8/13
  8629 | D:6      | Found a glowing golden altar of the Shining One.
  8692 | D:6      | Identified 2 scrolls of acquirement
  8721 | D:6      | Acquired an amulet of reflection
  8858 | D:1      | Acquired the +9 staff of Olgreb {rPois∞}
  8858 | D:1      | Found the +9 staff of Olgreb {rPois∞}
  8966 | D:7      | Reached *** piety under Sif Muna
  9264 | D:7      | Reached skill level 10 in Fire Magic
  9920 | D:7      | Found a basalt altar of Yredelemnul.
 11076 | D:8      | Reached skill level 5 in Dodging
 11453 | D:8      | Found an opulent altar of Gozag.
 11708 | D:9      | Noticed a two-headed ogre
 11770 | D:9      | Reached skill level 11 in Fire Magic
 11841 | D:9      | Reached XP level 10. HP: 55/57 MP: 7/14
 12103 | D:9      | Killed a two-headed ogre
 12291 | D:9      | Noticed a two-headed ogre
 12333 | D:9      | Killed a two-headed ogre
 12334 | D:9      | Reached skill level 5 in Fighting
 12630 | D:9      | Noticed a kobold demonologist
 12634 | D:9      | Gained mutation: You occasionally lose the ability to read
                  | scrolls when taking damage. [a neqoxec]
 12641 | D:9      | Gained mutation: Your spells are a little easier to cast,
                  | but a little less powerful. [a neqoxec]
 12659 | D:9      | Noticed a smoke demon
 12662 | D:10     | Entered Level 10 of the Dungeon
 12662 | D:10     | Found an iron altar of Okawaru.
 12821 | D:9      | Found a snail-covered altar of Cheibriados.
 12886 | D:9      | Reached **** piety under Sif Muna
 12994 | D:9      | Reached skill level 12 in Fire Magic
 13156 | D:9      | Found a blossoming altar of Fedhas.
 13389 | D:9      | Killed a kobold demonologist
 13390 | D:9      | Reached skill level 10 in Conjurations
 13514 | D:9      | Found a hazy altar of Hepliaklqana.
 13568 | D:10     | Noticed a two-headed ogre
 13714 | D:10     | Identified the +1 mace "Angelliv" {freeze, Str+2}
 13861 | D:10     | Noticed a rakshasa
 13862 | D:10     | Noticed a boulder beetle
 13863 | D:10     | Noticed a tengu warrior
 13864 | D:10     | Noticed a manticore
 13883 | D:10     | Collided with an iron grate

Illustrated notes

Levels and vault maps discovered:
D:1:      onia_arrival_pyramid, layout_loops_ring, serial_shops,
          nicolae_shop_statue_plus, ebering_ecumenical_altar_mist,
          nrook_mini_vaults, st_stairs_6
D:2:      layout_basic
D:3:      layout_basic, nicolae_sif_muna_condensation, xom_teletrap_fun,
          nicolae_ru_path_of_blood, mainiacjoe_overflow_24_doors,
          uniq_crazy_yiuf_cottage, uniq_grinder, uniq_robin, uniq_natasha,
          uniq_terence
D:4:      layout_basic, nicolae_overflow_crystal_walls,
          nicolae_ossuary_entry_giza, minmay_misc_feat_pillars, uniq_duvessa
D:5:      layout_basic, overflow_temple_1_default, grunt_dithmenos_shadows,
          lemuel_doored_altar, minmay_temple_entry_enclosed_plants
D:6:      layout_basic, nicolae_tso_swordbearing_angel, uniq_eustachio
D:7:      layout_loops_ring, lemuel_coloured_pillars_altar
D:8:      layout_gridville, nicolae_gozag_cash_rules_everything_around_me
D:9:      layout_loops_ring, kennysheep_slug_shrine,
          mainiacjoe_overflow_alcove_2, nicolae_hepliaklqana_hippocampus
D:10:     layout_roguey [special_room_bee], okawaru_ov_weapons_minmay,
          dpeg_oklobed_lair, nicolae_trove_entry_crossroad, grunt_tough_drop,
          uniq_grum

Skill      XL: |  1  2  3  4  5  6  7  8  9 10 |
---------------+-------------------------------+-----
Conjurations   | 2 3 4 5 6 7 9 10 | 10.2
Fire Magic     | 4 5 6 7 8 9 11 12 | 12.3
Fighting       | 2 4 5 |  5.7
Hexes          | 1 2 |  2.0
Dodging        | 3 5 6 |  6.7
Stealth        | |  2.0
Spellcasting   | |  2.0

Action                     |  1- 3 |  4- 6 |  7- 9 | 10-12 || total
---------------------------+-------+-------+-------+-------++-------
  Melee: Whip              |     4 |       |       |       ||     4
         Peck              |     1 |     3 |     6 |     8 ||    18
         Dagger            |     1 |    14 |    11 |       ||    26
         Kick              |     1 |     5 |     7 |    14 ||    27
         Staff             |       |       |    22 |    41 ||    63
   Cast: Foxfire           |    40 |    77 |    89 |    26 ||   232
         Scorch            |     3 |    36 |    93 |    37 ||   169
         Inner Flame       |       |       |    22 |    17 ||    39
         Volatile Blastmot |       |       |     2 |       ||     2
Ability: Evoke the Staff o |       |       |     2 |       ||     2
    Use: Scroll            |       |     7 |    13 |     3 ||    23
         Potion            |       |     3 |       |       ||     3
 Armour: Robe              |       |     3 |     7 |     5 ||    15
  Dodge: Dodged            |     3 |    15 |    65 |    42 ||   125
  Block: Other             |       |       |     6 |    13 ||    19
         Reflection        |       |       |     1 |     1 ||     2
